 Dungeon Crawl Stone Soup version 0.27-a0-531-gb72ec1a1b6 (webtiles) character file.

Game seed: 13395355104946594046

4525 foci the Cleaver (level 10, -2/60 HPs)
             Began as a Gargoyle Fighter on Mar 5, 2021.
             Was a Believer of the Shining One.
             Slain by a death yak (14 damage)
             ... on level 9 of the Dungeon.
             The game lasted 00:13:15 (7193 turns).

foci the Cleaver (Gargoyle Fighter)                 Turns: 7193, Time: 00:13:15

Health: -2/60      AC: 21    Str: 22    XL:     10   Next: 39%
Magic:  0/13       EV:  8    Int:  9    God:    the Shining One [**....]
Gold:   542        SH:  0    Dex: 10    Spells: 9/9 levels left

rFire    . . .     SeeInvis .   B - +3 battleaxe (vorpal)
rCold    . . .     Faith    .   (shield currently unavailable)
rNeg     + + +     Spirit   +   f - +0 chain mail
rPois    ∞         Reflect  .   (no helmet)
rElec    +         Harm     .   (no cloak)
rCorr    .         Rampage  .   r - +0 pair of gloves
Will     .....                  v - +2 pair of boots
Stlth    ..........             e - amulet of guardian spirit
HPRegen  0.20/turn              m - ring of positive energy
MPRegen  0.13/turn              (no ring)

@: about to teleport, glowing
A: negative energy resistance 1, electricity resistance, unbreathing 1,
petrification resistance, miasma immunity, AC +7
a: Renounce Religion, Divine Shield


You were on level 9 of the Dungeon.
You worshipped the Shining One.
The Shining One was pleased with you.
You visited 2 branches of the dungeon, and saw 10 of its levels.

You collected 542 gold pieces.

Inventory:

Hand Weapons
 B - a +3 vorpal battleaxe (weapon)
Armour
 f - a +0 chain mail (worn)
 r - a +0 pair of gloves (worn)
 v - a +2 pair of boots (worn)
Jewellery
 e - an amulet of guardian spirit (around neck)
 m - a ring of positive energy (left hand)
Wands
 c - a wand of mindburst (13)
 h - a wand of iceblast (22)
 s - a wand of acid (7)
Scrolls
 j - 2 scrolls of blinking
 k - a scroll of magic mapping
 u - a scroll of amnesia
 y - 5 scrolls of teleportation
Potions
 a - 2 potions of lignification {unknown}
 b - 5 potions of curing
 d - 4 potions of might
 g - 2 potions of mutation {unknown}
 i - 5 potions of flight {unknown}
 l - 2 potions of cancellation {unknown}
 n - 2 potions of brilliance {unknown}
 o - 4 potions of degeneration {unknown}
 p - 2 potions of invisibility {unknown}
 q - 3 potions of attraction {unknown}
 t - 2 potions of heal wounds {unknown}
 w - a potion of haste {unknown}
 z - a potion of berserk rage {unknown}


   Skills:
 + Level 6.2 Fighting
 * Level 11.0 Axes
 + Level 6.1 Armour
 + Level 1.5 Dodging
 + Level 0.5 Stealth
 - Level 4.0 Shields
 * Level 5.0 Invocations


You had 9 spell levels left.
You didn't know any spells.
Your spell library contained the following spells:

 Spells                   Type           Power      Damage    Failure   Level
 Magic Dart               Conj           0%         1d3       97%         1
 Blink                    Tloc           N/A        N/A       99%         2
 Call Imp                 Summ           0%         N/A       99%         2
 Slow                     Hex            0%         N/A       99%         2
 Confusing Touch          Hex            0%         N/A       100%        3
 Conjure Flame            Conj/Fire      0%         6-21      100%        3
 Gell's Gravitas          Tloc           0%         N/A       100%        3
 Mephitic Cloud           Conj/Pois/Air  0%         N/A       100%        3
 Petrify                  Tmut/Erth      0%         N/A       100%        4
 Metabolic Englaciation   Hex/Ice        0%         N/A       100%        5
 Yara's Violent Unravell  Hex/Tmut       0%         3d3       100%        5


Dungeon Overview and Level Annotations

Branches:
Dungeon (9/15)             Temple (1/1) D:4
   Lair: D:8-11         Orc: D:9-12

Altars:
Ashenzari
Cheibriados
Dithmenos
Elyvilon
Fedhas
Gozag
Hepliaklqana
Kikubaaqudgha
Makhleb
Nemelex Xobeh
Okawaru
Qazlal
Ru
Sif Muna
Trog
Uskayaw
Vehumet
Wu Jian
Xom
Yredelemnul
Zin
The Shining One

Annotations:
D:5 exclusion: oklob plant


Innate Abilities, Weirdness & Mutations

You are resistant to torment.
Your stone body is resilient. (AC +7)
You are immune to poison.
You resist negative energy. (rN+)
You are resistant to electric shocks. (rElec)
You can survive without breathing.
You are immune to petrification.
You are immune to miasma.


Message History

The death yak gores you but does no damage.
You hit the death yak but do no damage.
The death yak is lightly wounded.
You hit the death yak but do no damage.
A death yak comes into view.
The death yak gores you but does no damage. x2
You slash the death yak!
The death yak is moderately wounded.
You slash the death yak! The death yak gores you!!
The death yak gores you but does no damage.
You slash the death yak!
The death yak is moderately wounded.
You hit the death yak.
The death yak gores you but does no damage.
A death yak comes into view.
The death yak gores you.
The death yak bellows! x2
You slash the death yak!
The death yak is severely wounded.
You slash the death yak!
You hear a bellow!
The death yak gores you. The death yak closely misses you.
A death yak comes into view.
The death yak gores you but does no damage.
The death yak bellows!
As you read the scroll of teleportation, it crumbles to dust.
You feel strangely unstable.
You hear a bellow!
The death yak gores you.
You hit the death yak.
The death yak is severely wounded.
You slash the death yak!
The death yak gores you but does no damage.
The death yak gores you!
* * * LOW HITPOINT WARNING * * *
A death yak comes into view.
The death yak gores you.
* * * LOW HITPOINT WARNING * * *
The death yak gores you!
You die...

# ..........#.# #..##.'. #
........Y...# #..##.#. #
............# ######.#. #
............#### #....#.#. #
............#..# #.##.#.#. #
.......Y.##.#..# #.##.#.#. #
......Y..##.#..# #..>.#.#.
.........Y..#..# #....#.#.
.........Y.Y#Y@# #####....'.#.
........#...Y.Y####.....##†#.#.
............#..#...........#.#.
............#..#...........#.#.
............#..#.#.........#.#
.........#.####.#.†.......#.#
................#†##'#....###
....#####.##....#..#...... ...
#.##....#..#.....#


You could see 3 death yaks.

Vanquished Creatures
  Harold (D:7)
  Pikel (D:7)
  2 trolls (D:9)
  An orc warrior (D:9)
  A sky beast (D:5)
  2 ice beasts
  4 ogres
  3 centaurs
  2 phantoms
  Blork the orc (D:4)
  A kobold brigand (D:7)
  4 bullfrogs
  A scorpion (D:9)
  11 killer bees
  4 hounds
  2 orc priests
  2 bullfrog skeletons
  A centaur skeleton (D:4)
  A gnoll shaman (D:4)
  2 jellies
  Jessica (D:2)
  2 iguanas
  4 orc wizards
  6 worker ants
  A hound zombie (D:7)
  A worker ant zombie (D:8)
  4 gnolls (D:4)
  6 adders
  A white imp (D:8)
  An ooze (D:4)
  An ufetubus (D:6)
  A worm (D:4)
  A dart slug (D:1)
  5 leopard geckos
  18 orcs
  6 giant cockroaches
  4 goblins
  5 hobgoblins
  10 jackals
  A quokka (D:2)
  5 bats
  2 frilled lizards
  A jackal zombie (D:5)
  9 kobolds
  A leopard gecko skeleton (D:7)
  2 quokka skeletons
  A quokka zombie (D:8)
  4 rats
151 creatures vanquished.

Notes
Turn   | Place    | Note
-------+----------+-------------------------------------------
     0 | D:1      | foci the Gargoyle Fighter began the quest for the Orb.
     0 | D:1      | Reached XP level 1. HP: 14/14 MP: 1/1
   191 | D:1      | You fall into a shaft and drop 1 floor!
   220 | D:2      | Reached XP level 2. HP: 19/19 MP: 2/2
   274 | D:2      | Reached skill level 2 in Axes
   409 | D:2      | Noticed Jessica
   422 | D:2      | Killed Jessica
   423 | D:2      | Reached XP level 3. HP: 16/23 MP: 3/3
   814 | D:1      | Reached XP level 4. HP: 29/29 MP: 4/4
  1538 | D:3      | Reached skill level 3 in Axes
  1855 | D:3      | Found a shimmering altar of Xom.
  1864 | D:3      | Found a hazy altar of Hepliaklqana.
  1864 | D:3      | Found a sparkling altar of Nemelex Xobeh.
  1870 | D:3      | Found a glowing golden altar of the Shining One.
  2088 | D:3      | Became a worshipper of the Shining One
  2139 | D:4      | Reached XP level 5. HP: 33/33 MP: 5/5
  2179 | D:4      | Reached skill level 4 in Axes
  2254 | D:4      | Reached XP level 6. HP: 33/38 MP: 4/6
  2432 | D:4      | Noticed Blork the orc
  2441 | D:4      | Killed Blork the orc
  2442 | D:4      | Reached skill level 5 in Axes
  2704 | D:4      | Found a staircase to the Ecumenical Temple.
  2720 | Temple   | Entered the Ecumenical Temple
  2854 | D:5      | Entered Level 5 of the Dungeon
  2967 | D:5      | Noticed a sky beast
  2974 | D:5      | Killed a sky beast
  2975 | D:5      | Reached skill level 1 in Invocations
  2975 | D:5      | Reached XP level 7. HP: 40/43 MP: 6/8
  3054 | D:5      | Reached skill level 6 in Axes
  3162 | D:5      | Reached * piety under the Shining One
  3256 | D:5      | Found a sacrificial altar of Ru.
  3392 | D:5      | Found a blossoming altar of Fedhas.
  3415 | D:5      | Noticed an oklob plant
  4004 | D:6      | Reached XP level 8. HP: 48/48 MP: 9/9
  4007 | D:6      | Identified the +2 leather armour of Zys Tul {Int+5 Dex+3}
  4139 | D:6      | Found a hide-covered altar of Uskayaw.
  4139 | D:6      | Found a snail-covered altar of Cheibriados.
  4324 | D:6      | Identified the +0 leather armour of Hysteria {rF- rC+++
                  | MP+9 Dex+3}
  4389 | D:6      | Reached skill level 7 in Axes
  4553 | D:7      | Reached skill level 5 in Fighting
  4930 | D:7      | Reached skill level 5 in Armour
  4932 | D:7      | Noticed Pikel
  4943 | D:7      | Noticed Harold
  4946 | D:7      | Killed Pikel
  4947 | D:7      | Reached skill level 8 in Axes
  4947 | D:7      | Reached XP level 9. HP: 31/54 MP: 3/11
  5252 | D:8      | Reached skill level 1 in Dodging
  5298 | D:8      | Reached ** piety under the Shining One
  5441 | D:7      | Killed Harold
  5442 | D:7      | Reached skill level 9 in Axes
  6038 | D:8      | Reached skill level 10 in Axes
  6451 | D:9      | Noticed a death yak
  6451 | D:9      | Noticed a death yak
  6451 | D:9      | Noticed a death yak
  6537 | D:9      | Noticed a troll
  6543 | D:9      | Killed a troll
  6544 | D:9      | Reached XP level 10. HP: 43/60 MP: 8/13
  6792 | D:9      | Noticed a death yak
  6792 | D:9      | Noticed a death yak
  7073 | D:9      | Reached skill level 5 in Invocations
  7081 | D:9      | Reached skill level 11 in Axes
  7173 | D:9      | Noticed a death yak
  7187 | D:9      | Noticed a death yak
  7189 | D:9      | Noticed a death yak
  7190 | D:9      | Noticed a death yak
  7192 | D:9      | Noticed a death yak
  7193 | D:9      | Slain by a death yak

Illustrated notes

Levels and vault maps discovered:
D:1:      psy_arrival_radial02, layout_loops_ring
D:2:      minmay_skewed_foursquare, layout_rooms, uniq_jessica
D:3:      layout_loops_cross, grunt_temple_overflow_open
D:4:      layout_cave_pools, minmay_temple_entry_offerings, uniq_blork_the_orc
D:5:      layout_basic, nicolae_ru_great_annihilating_truth, tgw_fedhas
D:6:      layout_loops_cross, gammafunk_temple_overflow_claw
D:7:      layout_loops_ring, hex_large, uniq_pikel, uniq_harold
D:8:      layout_basic, minmay_tree_intersection
D:9:      layout_stronghold, dpeg_lair_monsters, minmay_between
Temple:   nicolae_temple_great_sept

Skill      XL: |  1  2  3  4  5  6  7  8  9 10 |
---------------+-------------------------------+-----
Axes           | 2 3 4 5 6 8 10 11 | 11.0
Armour         | 4 5 6 |  6.1
Fighting       | 4 5 6 |  6.2
Invocations    | 1 2 3 4 5 |  5.0
Shields        | 4 |  4.0
Dodging        | 1 |  1.5
Stealth        | |  0.5

Action                   |  1- 3 |  4- 6 |  7- 9 | 10-12 || total
-------------------------+-------+-------+-------+-------++-------
Melee: War axe           |    92 |   118 |       |       ||   210
       Battleaxe         |       |    20 |   185 |    48 ||   253
  Use: Scroll            |       |     6 |     4 |     1 ||    11
Armor: Chain mail        |    81 |   118 |   162 |    50 ||   411
       Scale mail        |     3 |       |       |       ||     3
Dodge: Dodged            |    30 |    36 |    99 |    34 ||   199
Block: Kite shield       |    55 |    65 |       |       ||   120

Table legend: (Time is in decaauts)
 A = Elapsed time spent in this place.
 B = Non-inter-level travel time spent in this place.
 C = Inter-level travel time spent in this place.
 D = Time resting spent in this place.
 E = Time spent auto-exploring this place.
 F = Levels seen in this place.
 G = Mean time per level.
                   A        B        C        D        E       F      G
               +--------+--------+--------+--------+--------+-----+--------+
         Total |   7390 |   7121 |    269 |    179 |   5234 |  10 |  739.0 |
       Dungeon |   7305 |   7049 |    256 |    179 |   5163 |   9 |  811.7 |
        Temple |     84 |     71 |     13 |      0 |     71 |   1 |   84.0 |
               +--------+--------+--------+--------+--------+-----+--------+

Top non-repeatable levels by time:
     D:8: 1034 daAuts
     D:7: 1031 daAuts
     D:1: 1027 daAuts
     D:5: 921 daAuts
     D:6: 738 daAuts
     D:4: 705 daAuts
     D:9: 686 daAuts
     D:3: 647 daAuts
     D:2: 512 daAuts
  Temple: 84 daAuts
